 Dungeon Crawl Stone Soup version 0.30-a0-1163-gf69bf04e7a (webtiles) character file.

Game seed: 2995108245826052723

169 Lobster4 the Digger (level 5, -7/29 HPs)
             Began as a Deep Elf Earth Elementalist on Apr 28, 2023.
             Mangled by an ogre
             ... wielding a +0 giant spiked club
              (18 damage)
             ... on level 4 of the Dungeon.
             The game lasted 00:13:11 (2603 turns).

Lobster4 the Digger (Deep Elf Earth Elementalist)   Turns: 2603, Time: 00:13:12

Health: -7/29      AC:  4    Str: 13    XL:     5   Next: 25%
Magic:  9/12       EV: 13    Int: 20    God:
Gold:   171        SH:  0    Dex: 15    Spells: 5/11 levels left

rFire   + . .        p - +0 dagger (drain)
rCold   + . .        (no shield)
rNeg    . . .        a - +0 robe
rPois   .            F - +0 helmet
rElec   .            o - scarf {rC+ rF+}
rCorr   .            y - +0 pair of gloves
SInv    .            (no boots)
Will    .....        k - amulet of regeneration
Stlth   ++           q - +6 ring of strength
HPRegen 1.04/turn    (no ring)
MPRegen 0.13/turn

%: no passive effects
@: no status effects
A: no striking features
a: no special abilities


You were on level 4 of the Dungeon.
You visited 1 branch of the dungeon, and saw 4 of its levels.

You collected 171 gold pieces.

Inventory:

Hand Weapons
 c - a +0 hand axe
 d - a +0 sling
 j - a +0 short sword
 p - a +0 dagger of draining (weapon)
 v - a +0 lajatang
Missiles
 i - 12 stones
Armour
 a - a +0 robe (worn)
 h - a +0 ring mail
 l - a +0 leather armour
 o - a scarf of resistance (worn)
 y - a +0 pair of gloves (worn)
 F - a +0 helmet (worn)
Jewellery
 k - an amulet of regeneration (around neck)
 q - a +6 ring of strength (left hand)
Wands
 E - a wand of digging (4)
Scrolls
 e - 3 scrolls of amnesia
 g - 4 scrolls of teleportation {unknown}
 m - a scroll of acquirement {unknown}
 t - a scroll of fear {unknown}
 x - a scroll of enchant weapon {unknown}
 z - a scroll of vulnerability {unknown}
 A - a scroll of fog {unknown}
 D - a scroll of poison {unknown}
Potions
 b - 2 potions of magic
 f - 2 potions of flight {unknown}
 n - 2 potions of might {unknown}
 r - a potion of brilliance {unknown}
 s - 2 potions of invisibility {unknown}
 u - a potion of berserk rage
 w - 2 potions of cancellation
 B - a potion of degeneration {unknown}
 C - a potion of curing


   Skills:
 + Level 1.4 Fighting
 + Level 1.4 Short Blades
 + Level 1.2 Armour
 + Level 3.3 Dodging
 + Level 3.5 Stealth
 + Level 3.7 Spellcasting
 - Level 1.1 Transmutations
 + Level 4.0 Earth Magic


You had 5 spell levels left.
You knew the following spells:

 Your Spells              Type           Power      Damage    Failure   Level
a - Sandblast             Erth           38%        2d10      2%          1
b - Passwall              Tmut/Erth      10%        N/A       7%          2
c - Stone Arrow           Conj/Erth      22%        3d8       17%         3

Your spell library contained the following spells:

 Spells                   Type           Power      Damage    Failure   Level
 Apportation              Tloc           6%         N/A       13%         1
 Inner Flame              Hex/Fire       3%         N/A       36%         3
 Petrify                  Tmut/Erth      13%        N/A       43%         4
 Flame Wave               Conj/Fire      3%         2d5       78%         4
 Sticky Flame             Conj/Fire      3%         2d3       78%         4
 Alistair's Intoxication  Tmut/Pois      3%         N/A       96%         5


Dungeon Overview and Level Annotations

Branches:
Dungeon (4/15)
 Temple: D:4-7

Altars:

Annotations:
D:2 Terence
D:3 exclusions: black bear and goblin, Grinder


Message History

Save game and exit?
Level annotation: exclusions: black bear and goblin, Grinder Options error: Bad object type '%(' for autopickup. (~/.crawlrc:23) Welcome back, Lobster4 the Deep Elf Earth Elementalist.
Press ? for a list of commands and other information.
Partly explored, can't reach some items and places.
There is a stone staircase leading down here.
You climb downwards.
You hear the sound of rushing water.
There is an entrance to a sewer on this level.
Hurry and find it before the portal rusts away!
Found a scroll labelled PAQOTS XIEWOQ.
There is a stone staircase leading up here.
Okay, then.
Cast which spell? (? or * to list)
Aiming: Sandblast (safe; 2% risk of failure)
Press: ? - help, Shift-Dir - straight line, f - ogre
Aim: an ogre, wielding a +0 giant spiked club (asleep, 100% to hit)
The blast of sand hits the ogre!
The ogre is moderately wounded.
The ogre shouts!
A giant cockroach comes into view.
Casting: Sandblast (safe; 2% risk of failure)
Confirm with . or Enter, or press ? or * to list all spells.
Aiming: Sandblast (safe; 2% risk of failure)
Press: ? - help, Shift-Dir - straight line, f/p - ogre
Aim: an ogre, wielding a +0 giant spiked club (moderately wounded, 91% to hit)
The blast of sand hits the ogre!
The ogre is severely wounded.
The ogre hits you with a +0 giant spiked club!!
Ouch! That really hurt!
Casting: Sandblast (safe; 2% risk of failure)
Confirm with . or Enter, or press ? or * to list all spells.
Aiming: Sandblast (safe; 2% risk of failure)
Press: ? - help, Shift-Dir - straight line, f/p - ogre
Aim: an ogre, wielding a +0 giant spiked club (severely wounded, 91% to hit)
The blast of sand hits the ogre!
The ogre is almost dead.
The ogre hits you with a +0 giant spiked club!!
Ouch! That really hurt!
You die...

#.... .....
.... .?.. ...
...# #.. ...
##..#.. .
##.....###...
#....O.......
#..@..B....
##....##...
#........
..........#
###..#.......
#.. .......
### .......
.......


You could see an ogre and a giant cockroach.

Vanquished Creatures
  Natasha (thrice) (D:2)
  Robin (D:3)
  A worm (D:2)
  3 dart slugs
  4 orcs (D:3)
  3 endoplasms (D:3)
  4 giant cockroaches
  8 hobgoblins
  6 jackals
  2 kobolds (D:1)
  2 quokkas
  5 ball pythons
  4 bats
  2 frilled lizards
  13 goblins
  7 rats
68 creatures vanquished.

Notes
Turn   | Place    | Note
-------+----------+-------------------------------------------
     0 | D:1      | Lobster4 the Deep Elf Earth Elementalist began the quest
                  | for the Orb.
     0 | D:1      | Reached XP level 1. HP: 10/10 MP: 6/6
   269 | D:1      | Reached XP level 2. HP: 15/15 MP: 6/8
   294 | D:1      | Learned a level 2 spell: Passwall
   756 | D:2      | Noticed Natasha
   764 | D:2      | Reached XP level 3. HP: 19/20 MP: 6/9
   823 | D:2      | Noticed Terence
  1061 | D:2      | Killed Natasha
  1062 | D:2      | Reached skill level 1 in Fighting
  1216 | D:2      | Reached XP level 4. HP: 25/25 MP: 9/11
  1238 | D:2      | Noticed Natasha
  1242 | D:2      | Killed Natasha
  1243 | D:2      | Reached skill level 1 in Armour
  1273 | D:2      | Noticed Natasha
  1276 | D:2      | Killed Natasha
  1277 | D:2      | Reached skill level 1 in Short Blades
  1497 | D:3      | Noticed Robin
  1639 | D:3      | Killed Robin
  1640 | D:3      | Reached XP level 5. HP: 11/29 MP: 7/12
  1655 | D:3      | Reached skill level 4 in Earth Magic
  1817 | D:3      | Noticed Grinder
  1891 | D:3      | Learned a level 3 spell: Stone Arrow
  2264 | D:3      | Noticed a black bear
  2600 | D:4      | Noticed an ogre
  2603 | D:4      | Mangled by an ogre

Illustrated notes

Levels and vault maps discovered:
D:1:      giann_bridges, layout_basic, minmay_pentomino_r4
D:2:      layout_rooms, minmay_small_reverse_x, uniq_terence, uniq_natasha
D:3:      wad_crossroads, layout_basic, uniq_robin, uniq_grinder
D:4:      layout_cave_pools, zin_scriptorium, cheibrodos_sewer_entry_sluice

Skill      XL: |  1  2  3  4  5 |
---------------+----------------+-----
Stealth        | 3 |  3.5
Fighting       | 1 |  1.4
Dodging        | 3 |  3.3
Armour         | 1 |  1.2
Short Blades   | 1 |  1.4
Earth Magic    | 4 |  4.0
Spellcasting   | |  3.7
Transmutations | |  1.1

Action                     |  1- 3 |  4- 6 || total
---------------------------+-------+-------++-------
  Melee: Dagger            |     7 |       ||     7
   Cast: Sandblast         |    46 |    52 ||    98
    Use: Scroll            |       |     4 ||     4
 Armour: Robe              |     3 |     5 ||     8
  Dodge: Dodged            |    19 |    17 ||    36

Table legend: (Time is in decaauts)
 A = Elapsed time spent in this place.
 B = Non-inter-level travel time spent in this place.
 C = Inter-level travel time spent in this place.
 D = Time resting spent in this place.
 E = Time spent auto-exploring this place.
 F = Levels seen in this place.
 G = Mean time per level.
                   A        B        C        D        E       F      G
               +--------+--------+--------+--------+--------+-----+--------+
         Total |   2649 |   2532 |    117 |     95 |   1807 |   4 |  662.2 |
       Dungeon |   2649 |   2532 |    117 |     95 |   1807 |   4 |  662.2 |
               +--------+--------+--------+--------+--------+-----+--------+

Top non-repeatable levels by time:
     D:3: 1310 daAuts
     D:2: 754 daAuts
     D:1: 581 daAuts
     D:4: 3 daAuts
